 Dungeon Crawl Stone Soup version 0.22-a0-247-gbddf880757 (webtiles) character file.

2165 Peterchen the Cleaver (level 9, -2/70 HPs)
             Began as a Minotaur Berserker on Feb 25, 2018.
             Was a High Priest of Trog.
             Slain by an orc warrior
             ... wielding a +0 halberd
              (12 damage)
             ... on level 7 of the Dungeon.
             The game lasted 00:13:02 (4741 turns).

Peterchen the Cleaver (Minotaur Berserker)          Turns: 4741, Time: 00:13:03

Health: -2/70      AC: 11    Str: 25    XL:     9   Next: 10%
Magic:  8/8        EV:  9    Int:  4    God:    Trog [*****.]
Gold:   358        SH:  0    Dex: 10    Spells: 8/8 levels left

rFire    . . .     SeeInvis .   a - +0 hand axe
rCold    . . .     Gourm    .   (no shield)
rNeg     . . .     Faith    +   A - +0 chain mail
rPois    .         Spirit   .   (helmet restricted)
rElec    .         Reflect  .   (no cloak)
rCorr    .         Harm     .   y - +0 pair of gloves
MR       .....                  e - +0 pair of boots {Stlth+}
Stlth    ..........             r - amulet of faith
HPRegen  0.21/turn              (no ring)
MPRegen  0.11/turn              (no ring)

@: berserk cooldown, slowed, very slow
A: retaliatory headbutt, horns 2
a: Berserk, Trog's Hand, Brothers in Arms, Renounce Religion


You were on level 7 of the Dungeon.
You worshipped Trog.
Trog was extremely pleased with you.
You were hungry.

You visited 1 branch of the dungeon, and saw 7 of its levels.

You collected 358 gold pieces.

Inventory:

Hand Weapons
 a - a +0 hand axe (weapon)
Armour
 e - a +0 pair of boots of stealth (worn)
 y - a +0 pair of gloves (worn)
 A - a +0 chain mail (worn)
Jewellery
 r - an amulet of faith (around neck)
Wands
 o - a wand of paralysis (12)
 q - a wand of clouds (4)
 z - a wand of acid (6)
Scrolls
 b - a scroll of enchant weapon
 d - 2 scrolls of identify
 f - 2 scrolls of immolation
 h - a scroll of fog
 k - 3 scrolls of blinking
 l - a scroll of remove curse
 p - 2 scrolls of amnesia
 u - a scroll of magic mapping {unknown}
 w - 2 scrolls of random uselessness {unknown}
Potions
 g - 3 potions of might
 i - a potion of mutation {unknown}
 j - 5 potions of lignification {unknown}
 m - a potion of brilliance {unknown}
 n - 3 potions of curing
 s - 2 potions of magic {unknown}
 v - 2 potions of flight {unknown}
 x - 2 potions of heal wounds {unknown}
Comestibles
 c - 16 rations
 t - 7 chunks of flesh


   Skills:
 - Level 3.6 Fighting
 * Level 14.1 Axes
 - Level 2.4 Armour
 - Level 2.1 Dodging


You had 8 spell levels left.
You didn't know any spells.

Dungeon Overview and Level Annotations

Branches:
Dungeon (7/15)
 Temple: D:4-7

Altars:
Uskayaw


Innate Abilities, Weirdness & Mutations

You reflexively headbutt those who attack you in melee.
You have a pair of horns on your head.


Message History

The killer bee barely misses you.
The orc priest invokes the aid of Beogh against you.
Beogh smites you!
* * * LOW HITPOINT WARNING * * *
The orc warrior hits you from afar with a halberd!!
* * * LOW HITPOINT WARNING * * *
You slash the killer bee!
You feel the power of Trog in you as your rage grows.
You kill the killer bee!
Trog accepts your kill.
You are too berserk!
You feel a strong urge to attack something.
You feel sick.
You are no longer berserk.
You are exhausted.
You feel yourself slow down.
You feel better.
The orc priest looks encouraged for a moment.
The orc warrior hits you from afar with a halberd!
You die...

#..... #### #.....##..... ...
###### #.....##.....
#.##.###....# #.....##.....
#..<.†.#.##.# #.....##.....
..#####..#.##.# #.....##.....
#..........##.# #.....##.....
.......y#####.###.....##.....
>.....o.yyo.@.........'......
.......###########....##.....
....... #....###.... .......
###### #.... ....... +....
....... #...# ..##### #####
##############


You could see an orc warrior, 3 killer bees and an orc priest.

Vanquished Creatures
  A fire bat (D:5)
  Edmund (D:6)
  Duvessa (D:4)
  A sky beast (D:6)
  2 orc warriors (D:7)
  2 phantoms
  2 black bears (D:7)
  An ice beast (D:6)
  A centaur (D:5)
  Dowan (D:4)
  A wyvern skeleton (D:7)
  A killer bee (D:7)
  A howler monkey (D:6)
  3 crimson imps
  A bullfrog zombie (D:6)
  A centaur zombie (D:5)
  Crazy Yiuf (D:3)
  3 orc priests
  A hound (D:5)
  2 orc wizards (D:7)
  3 bullfrog skeletons
  3 worker ants
  A worker ant zombie (D:5)
  7 adders
  4 gnolls (D:2)
  2 shadow imps
  2 oozes
  An adder skeleton (D:6)
  3 worms
  2 dart slugs (D:1)
  5 leopard geckos
  27 orcs
  5 ball pythons
  8 giant cockroaches
  7 goblins
  8 hobgoblins
  7 jackals
  2 quokkas
  5 bats
  5 frilled lizards
  A jackal skeleton (D:4)
  7 kobolds
  A leopard gecko zombie (D:5)
  A quokka skeleton (D:5)
  7 rats
152 creatures vanquished.

Notes
Turn   | Place    | Note
-------+----------+-------------------------------------------
     0 | D:1      | Peterchen the Minotaur Berserker began the quest for the Orb.
     0 | D:1      | Reached XP level 1. HP: 19/19 MP: 0/0
     2 | D:1      | Noticed a centaur
     2 | D:1      | Noticed a draconian
     4 | D:1      | Noticed a demigod
     4 | D:1      | Noticed a minotaur
     6 | D:1      | Noticed a demonspawn
     6 | D:1      | Noticed a merfolk
     8 | D:1      | Noticed a dwarf
     8 | D:1      | Noticed an ogre
    10 | D:1      | Noticed a spriggan
    10 | D:1      | Noticed a formicid
    12 | D:1      | Noticed a troll
    14 | D:1      | Noticed an elf
    14 | D:1      | Noticed a naga
    16 | D:1      | Noticed a gargoyle
    16 | D:1      | Noticed an octopode
    18 | D:1      | Noticed a vampire
    18 | D:1      | Noticed a human
    20 | D:1      | Noticed a tengu
    22 | D:1      | Noticed a felid
    22 | D:1      | Noticed a ghoul
    24 | D:1      | Noticed a halfling
    26 | D:1      | Noticed a vine stalker
    39 | D:1      | Reached skill level 4 in Axes
    68 | D:1      | Reached XP level 2. HP: 22/26 MP: 1/1
   251 | D:1      | Reached skill level 5 in Axes
   404 | D:1      | You fall through a shaft!
   408 | D:2      | Reached ** piety under Trog
   408 | D:2      | Reached XP level 3. HP: 31/31 MP: 2/2
   424 | D:2      | Reached skill level 6 in Axes
   424 | D:2      | Reached XP level 4. HP: 26/39 MP: 3/3
  1603 | D:3      | Reached skill level 7 in Axes
  1603 | D:3      | Reached XP level 5. HP: 45/45 MP: 4/4
  1857 | D:3      | Found a runed door.
  1861 | D:3      | Noticed Crazy Yiuf
  1867 | D:3      | Killed Crazy Yiuf
  1949 | D:4      | Reached *** piety under Trog
  1963 | D:4      | Reached skill level 8 in Axes
  1995 | D:4      | Reached XP level 6. HP: 37/51 MP: 5/5
  2015 | D:4      | Noticed Duvessa
  2015 | D:4      | Noticed Dowan
  2026 | D:4      | Killed Duvessa
  2033 | D:4      | Killed Dowan
  2033 | D:4      | Reached skill level 9 in Axes
  2802 | D:5      | Entered Level 5 of the Dungeon
  2819 | D:5      | Reached XP level 7. HP: 55/57 MP: 6/6
  2855 | D:5      | Found a hide-covered altar of Uskayaw.
  2869 | D:5      | Reached skill level 10 in Axes
  2950 | D:5      | Reached **** piety under Trog
  3014 | D:5      | Found a transporter.
  3018 | D:5      | Noticed a fire bat
  3104 | D:5      | Found a transporter.
  3122 | D:5      | Killed a fire bat
  3122 | D:5      | Reached skill level 11 in Axes
  3246 | D:5      | Reached XP level 8. HP: 21/64 MP: 7/7
  3807 | D:6      | Reached skill level 12 in Axes
  3866 | D:6      | Noticed Edmund
  3878 | D:6      | Killed Edmund
  4314 | D:7      | Reached skill level 13 in Axes
  4321 | D:7      | Reached ***** piety under Trog
  4383 | D:7      | Reached XP level 9. HP: 6/70 MP: 8/8
  4675 | D:7      | Reached skill level 14 in Axes
  4736 | D:7      | HP: 3/105 [orc warrior/halberd (21)]
  4741 | D:7      | Slain by an orc warrior

Vault maps used:
D:1:      kb_arrival_jail
D:2:      kennysheep_generic_room_11
D:3:      first_ration, uniq_crazy_yiuf_cottage
D:4:      sigmund_army, uniq_duvessa
D:5:      gammafunk_cloud_chamber, eat_drink_and_be_merry_uskayaw,
          kennysheep_boxes
D:6:      uniq_edmund
D:7:      minmay_temple_entry_trees, fedhas_altar_decomposition

Skill      XL: |  1  2  3  4  5  6  7  8  9 |
---------------+----------------------------+-----
Axes           | 4 5 6 7 8 9 11 13 14 | 14.1
Fighting       | |  3.6
Armour         | |  2.4
Dodging        | |  2.1

Action                   |  1- 3 |  4- 6 |  7- 9 || total
-------------------------+-------+-------+-------++-------
Melee: Hand axe          |    45 |   168 |   204 ||   417
       Headbutt          |     3 |    20 |    47 ||    70
Invok: Berserk           |     1 |     2 |     5 ||     8
  Use: Scroll            |       |     8 |     2 ||    10
       Potion            |       |       |     3 ||     3
 Stab: Sleeping          |     2 |     1 |       ||     3
  Eat: Chunk             |       |     9 |    10 ||    19
Armor: Animal skin       |    16 |    13 |       ||    29
       Scale mail        |       |    34 |    39 ||    73
       Chain mail        |       |       |    11 ||    11
Dodge: Dodged            |    37 |    84 |    82 ||   203

Table legend:
 A = Spawn XP
 B = Non-spawn XP
 C = Spawn XP percentage of total XP
 D = Spawn monster count
 E = Non-spawn monster count
 F = Spawn count percentage of total count
 G = Total turns spent on level
                    A         B        C        D         E        F      G
               +---------+---------+-------+---------+---------+-------+---------
         Total |       0 |    3093 |   0.0 |       0 |     152 |   0.0 |  4741
               +---------+---------+-------+---------+---------+-------+---------
           D:1 |       0 |      41 |   0.0 |       0 |      22 |   0.0 |   519
           D:2 |       0 |     129 |   0.0 |       0 |      19 |   0.0 |   904
           D:3 |       0 |     137 |   0.0 |       0 |      23 |   0.0 |   478
           D:4 |       0 |     381 |   0.0 |       0 |      19 |   0.0 |   901
           D:5 |       0 |     840 |   0.0 |       0 |      27 |   0.0 |   949
           D:6 |       0 |     683 |   0.0 |       0 |      15 |   0.0 |   557
           D:7 |       0 |     882 |   0.0 |       0 |      27 |   0.0 |   433
               +---------+---------+-------+---------+---------+-------+---------
